cohdb
Replays
Latest Replays
All Replays
Popular Replays
Top Player Replays
Match Explorer
How It Works
Community
CoH3 Stats
Reddit
Sign in to upload your games and track your stats! →
Sign in with Steam
Match 45798239
Unlisted
Match 45798239
Overview
Messages
Build Orders
End
Construct Infanterie Kompanie
Grenadier Squad
Selects Terror Battlegroup
Selects Machine Gun Camouflage
MG 42 Machine Gun Team
MG 42 Machine Gun Team
Construct Luftwaffe Kompanie
Flak 30 Anti-aircraft Gun Team
221 Scout Car
Selects Interrogate
Pioneer Squad
Jäger Squad
Support Elements
Wirbelwind Flakpanzer
Wirbelwind Flakpanzer
Selects Jericho Trumpet
Jäger Squad
Selects V1 Rocket Strike
Marder III M Tank Destroyer
Kettenkrad Recon Vehicle
Marder III M Tank Destroyer
Jäger Squad
GrW 34 Mortar Team
V1 Rocket Strike
Selects Defend the Fatherland
Marder III M Tank Destroyer
Medical Station
MG 42 Machine Gun Team
Pioneer Squad
Jäger Squad
Defend the Fatherland
Selects King Tiger Heavy Tank
V1 Rocket Strike
King Tiger Heavy Tank
Jericho Trumpet
Wirbelwind Flakpanzer
UH|XTC
Kirschinator
Seen Bean
BulletKin
Attac D Point
Abeli
MacheteCL415
RJM
0
0
Comments
sign in to comment!
No comments posted yet!